 Dungeon Crawl Stone Soup version 0.28.0 (webtiles) character file.

Game seed: 16522079710152142032

2095 SnakkuSnakku7 the Cleaver (level 9, 0/75 HPs)
             Began as a Hill Orc Delver on Feb 6, 2022.
             Was a Follower of Beogh.
             Slain by Joseph (8 damage)
             ... while paralysed by Joseph
             ... on level 7 of the Dungeon.
             The game lasted 00:11:33 (7944 turns).

SnakkuSnakku7 the Cleaver (Hill Orc Delver)         Turns: 7944, Time: 00:11:34

Health: 0/75       AC: 12    Str: 19    XL:     9   Next: 27%
Magic:  9/9        EV:  2    Int: 10    God:    Beogh [*.....]
Gold:   201        SH:  0    Dex: 12    Spells: 8/8 levels left

rFire   . . .      SeeInvis .   b - +2 dagger (venom)
rCold   . . .      Faith    .   o - orb {light}
rNeg    . . .      Spirit   .   r - +0 plate armour
rPois   .          Reflect  .   k - +0 helmet
rElec   .          Harm     .   (no cloak)
rCorr   .          Rampage  .   (no gloves)
Will    .....                   w - +0 pair of boots
Stlth   ..........              (no amulet)
HPRegen 0.22/turn               (no ring)
MPRegen 0.11/turn               (no ring)

@: paralysed, glowing
A: no striking features
a: Renounce Religion


You were on level 7 of the Dungeon.
You worshipped Beogh.
Beogh was aware of your devotion.
You visited 1 branch of the dungeon, and saw 7 of its levels.

You collected 327 gold pieces.
You spent 126 gold pieces at shops.

Inventory:

Hand Weapons
 a - a +0 war axe
 b - a +2 dagger of venom (weapon)
Missiles
 q - 6 poisoned darts (quivered)
Armour
 i - a +0 chain mail
 k - a +0 helmet (worn)
 o - an orb of light (worn)
 p - a +0 leather armour
 r - a +0 plate armour (worn)
 w - a +0 pair of boots (worn)
Wands
 g - a wand of digging (2)
 v - a wand of flame (21)
Scrolls
 c - a scroll of fog
 d - 2 scrolls of magic mapping
 e - 6 scrolls of fear
 h - 7 scrolls of amnesia
 l - 5 scrolls of teleportation
 m - a scroll of identify
 n - 2 scrolls of enchant armour
 s - 2 scrolls of brand weapon
 y - a scroll of silence {unknown}
Potions
 f - a potion of lignification
 j - a potion of flight
 t - a potion of invisibility
 u - 3 potions of haste
 z - a potion of attraction {unknown}
 A - a potion of berserk rage {unknown}


   Skills:
 - Level 6.0 Fighting
 + Level 14.6 Axes
 - Level 1.5 Dodging
 - Level 4.1 Stealth


You had 8 spell levels left.
You didn't know any spells.
Your spell library contained the following spells:

 Spells                   Type           Power      Damage    Failure   Level
 Freeze                   Ice            0%         1d3       100%        1
 Ensorcelled Hibernation  Hex/Ice        0%         N/A       100%        2
 Passwall                 Tmut/Erth      0%         N/A       100%        2
 Scorch                   Fire           0%         2d5       100%        2
 Frozen Ramparts          Ice            0%         1d2       100%        3
 Swiftness                Air            0%         N/A       100%        3
 Flame Wave               Conj/Fire      0%         2d4       100%        4
 Hailstorm                Conj/Ice       0%         3d3       100%        4
 Summon Cactus Giant      Summ           0%         N/A       100%        6


Dungeon Overview and Level Annotations

Branches:
Dungeon (7/15)             Temple (0/1) D:4

Altars:
Makhleb
Uskayaw

Shops:
D:4 ?

Annotations:
D:7 Joseph


Message History

Joseph is heavily wounded.
Joseph hits you with a +5 spectral quarterstaff!
You are too injured to fight recklessly!
You are too injured to fight recklessly!
Your +2 dagger of venom begins to drip with poison!
b - a +2 dagger of venom (weapon)
You hear the brisk hiss of an avalanche of sand.
Joseph hits you with a +5 spectral quarterstaff!
* * * LOW HITPOINT WARNING * * *
You hit Joseph but do no damage.
Joseph is poisoned.
Joseph is heavily wounded.
Joseph hits you but does no damage.
You hit Joseph.
Joseph is heavily wounded.
Joseph hits you with a +5 spectral quarterstaff.
* * * LOW HITPOINT WARNING * * *
You completely miss Joseph.
Joseph is heavily wounded.
Joseph hits you with a +5 spectral quarterstaff!
* * * LOW HITPOINT WARNING * * *
You feel much better.
Joseph zaps a wand.
You easily resist.
You hit Joseph.
Joseph looks as sick as possible!
Joseph is heavily wounded.
Joseph hits you with a +5 spectral quarterstaff.
You hit Joseph but do no damage.
Joseph looks as sick as possible!
Joseph is severely wounded.
Joseph hits you but does no damage.
You hit Joseph but do no damage.
Joseph looks as sick as possible!
Joseph is severely wounded.
Joseph hits you with a +5 spectral quarterstaff!
* * * LOW HITPOINT WARNING * * *
You hit Joseph but do no damage.
Joseph is severely wounded.
Joseph completely misses you.
You feel better.
Joseph zaps a wand.
You suddenly lose the ability to move!
The now-empty wand crumbles to dust.
Joseph hits you with a +5 spectral quarterstaff!
* * * LOW HITPOINT WARNING * * *
Joseph hits you with a +5 spectral quarterstaff!
You die...

..##.# #.##.# # #.##.# .#
##.##.##.## #.........#
#...)..##### #..)#..'..)#
###.#.####'#+# #.#..# +@..+
..#.## #.@.# ###.# +...+
.######.# #+#+# ........#
######
.##.##..##########....######
#..##.................#
#..##...#############.#
#.####.## #.#


You could see Joseph (extremely poisoned).

Vanquished Creatures
  Sigmund (D:2)
  A water moccasin (D:6)
  A sky beast (D:6)
  5 ogres
  A necrophage (D:6)
  A hornet zombie (D:7)
  4 scorpions
  2 howler monkeys
  A human zombie (D:7)
  3 centaur zombies
  3 hounds
  A jelly (D:6)
  3 bullfrog skeletons
  An orc priest (D:4)
  A scorpion zombie (D:5)
  2 iguanas (D:6)
  6 orc wizards
  Natasha (thrice) (D:4)
  Robin (D:3)
  6 adders
  3 worms (D:2)
  2 dart slugs
  12 orcs
  2 bats
  8 endoplasms
  12 goblins
  7 hobgoblins
  16 jackals
  5 quokkas
  7 ball pythons
  A frilled lizard (D:1)
  8 kobolds
  3 rats
133 creatures vanquished.

Notes
Turn   | Place    | Note
-------+----------+-------------------------------------------
     0 | D:5      | SnakkuSnakku7 the Hill Orc Delver began the quest for the
                  | Orb.
     0 | D:5      | Reached XP level 1. HP: 19/19 MP: 1/1
   536 | D:6      | Reached skill level 3 in Axes
   536 | D:6      | Reached XP level 2. HP: 19/28 MP: 2/2
   536 | D:6      | Reached XP level 3. HP: 24/34 MP: 3/3
   928 | D:5      | Reached skill level 4 in Axes
   928 | D:5      | Reached XP level 4. HP: 33/41 MP: 4/4
   965 | D:5      | Reached skill level 5 in Fighting
  1113 | D:5      | Noticed a scorpion
  1163 | D:6      | Reached skill level 5 in Axes
  1163 | D:6      | Reached XP level 5. HP: 17/48 MP: 5/5
  1503 | D:5      | Noticed an ogre
  2159 | D:5      | Noticed an ogre
  2195 | D:4      | Noticed an ogre
  2234 | D:4      | Noticed Natasha
  2246 | D:4      | Killed Natasha
  2247 | D:4      | Reached skill level 6 in Axes
  2247 | D:4      | Reached XP level 6. HP: 33/57 MP: 6/6
  2381 | D:4      | Noticed Natasha
  2382 | D:4      | Found a hide-covered altar of Uskayaw.
  2435 | D:3      | Noticed Robin
  2458 | D:3      | Killed Robin
  2833 | D:2      | Identified the +0 pair of boots "Deruphoa" {Harm rElec}
  2855 | D:2      | Noticed Sigmund
  3650 | D:1      | Reached skill level 7 in Axes
  3993 | D:1      | Found a faded altar of an unknown god.
  4524 | D:2      | HP: 1/57 [something/puff of flame (6)]
  4535 | D:2      | Killed Sigmund
  4536 | D:2      | Reached skill level 8 in Axes
  4536 | D:2      | Reached XP level 7. HP: 3/63 MP: 7/7
  4956 | D:3      | Found a burning altar of Makhleb.
  5159 | D:4      | Killed Natasha
  5251 | D:4      | Became a worshipper of Beogh the Brigand
  5264 | D:4      | Reached skill level 9 in Axes
  5337 | D:4      | Found Zilapp Dock's Magic Scroll Shop.
  5351 | D:4      | Bought a scroll of teleportation for 33 gold pieces
  5351 | D:4      | Bought a scroll of fear for 38 gold pieces
  5351 | D:4      | Bought a scroll of identify for 22 gold pieces
  5351 | D:4      | Bought a scroll of identify for 22 gold pieces
  5351 | D:4      | Bought a scroll of noise for 11 gold pieces
  5563 | D:4      | Reached skill level 10 in Axes
  5581 | D:4      | Found a staircase to the Ecumenical Temple.
  5603 | D:4      | Reached XP level 8. HP: 47/70 MP: 8/8
  5907 | D:4      | Noticed Natasha
  5927 | D:4      | Killed Natasha
  6070 | D:5      | Reached skill level 11 in Axes
  6089 | D:5      | Reached * piety under Beogh
  6713 | D:5      | Reached skill level 12 in Axes
  7057 | D:6      | Reached skill level 13 in Axes
  7434 | D:6      | Reached XP level 9. HP: 75/75 MP: 9/9
  7480 | D:6      | Reached skill level 14 in Axes
  7917 | D:7      | Noticed Joseph
  7942 | D:7      | Paralysed by Joseph for 5 turns
  7944 | D:7      | Slain by Joseph

Illustrated notes

Levels and vault maps discovered:
D:1:      minmay_arrival_five_plusses, layout_basic,
          shapermc_ecumenical_altar_gd, chequers_decorated_corner
D:2:      layout_basic, uniq_sigmund
D:3:      layout_basic, mainiacjoe_overflow_alcove_4, st_stairs_2, uniq_robin
D:4:      layout_loops_ring, mainiacjoe_overflow_concentric_impassable,
          minmay_temple_entry_purple_smoke, serial_shops, shop, uniq_natasha
D:5:      layout_basic
D:6:      layout_basic, nicolae_zen_rock_garden, kennysheep_generic_room_15
D:7:      layout_loops_ring, good_gods_mini_temple,
          nicolae_ossuary_entry_catacombs, uniq_joseph, uniq_pikel,
          uniq_crazy_yiuf_cottage

Skill      XL: |  1  2  3  4  5  6  7  8  9 |
---------------+----------------------------+-----
Fighting       | 4 5 6 |  6.0
Axes           | 3 4 5 6 8 10 13 14 | 14.6
Dodging        | |  1.5
Stealth        | |  4.1

Action                   |  1- 3 |  4- 6 |  7- 9 || total
-------------------------+-------+-------+-------++-------
Melee: Hand axe          |    23 |   189 |    16 ||   228
       Dagger            |       |    48 |   199 ||   247
       Punch             |       |     1 |       ||     1
       War axe           |       |       |    55 ||    55
Invok: Convert to Beogh  |       |       |     1 ||     1
Evoke: Wand              |       |       |     1 ||     1
  Use: Potion            |       |     1 |     2 ||     3
       Scroll            |       |       |     8 ||     8
 Stab: Sleeping          |       |     1 |       ||     1
Armor: Leather armour    |    10 |    24 |       ||    34
       Chain mail        |       |   108 |       ||   108
       Plate armour      |       |       |   143 ||   143
Dodge: Dodged            |    17 |   112 |    62 ||   191
